 Dungeon Crawl Stone Soup version 0.31-a0-986-g5e6e4ef867 (console) character file.

Game seed: 269705675347486770

1240 petzl the Sneak (level 8, -8/61 HPs)
             Began as a Formicid Delver on Nov 16, 2023.
             Was a Follower of Vehumet.
             Mangled by an acid dragon (11 damage)
             ... on level 8 of the Dungeon.
             The game lasted 00:24:47 (7114 turns).

petzl the Sneak (Formicid Delver)                   Turns: 7114, Time: 00:24:48

Health: -8/61      AC:  3    Str: 18    XL:     8   Next: 78%
Magic:  14/14      EV: 12    Int: 11    God:    Vehumet [*.....]
Gold:   316        SH:  0    Dex: 15    Spells: 6/16 levels left

rFire   . . .        a - +0 flail (drain)
rCold   . . .        (no shield)
rNeg    . . .        t - +0 ring mail
rPois   .            (helmet unavailable)
rElec   .            G - +0 cloak
rCorr   .            s - +0 pair of gloves
SInv    +            (no boots)
Will    .....        (no amulet)
Stlth   +++          m - ring of wizardry
HPRegen 0.30/turn    q - ring of wizardry
MPRegen 0.14/turn

%: wizardry (x2)
@: corroded
A: permanent stasis, dig shafts and tunnels, antennae 3, four strong arms
a: Dig, Shaft Self, Renounce Religion


You were on level 8 of the Dungeon.
You worshipped Vehumet.
Vehumet was aware of your devotion.
You visited 2 branches of the dungeon, and saw 9 of its levels.

You collected 316 gold pieces.

Inventory:

Hand Weapons
 a - a +0 flail of draining (weapon)
 F - a +3 hand axe {!f =f}
Armour
 l - a +1 kite shield of reflection
 s - a +0 pair of gloves (worn)
 t - a +0 ring mail (worn)
 C - an orb of guile
 G - a +0 cloak (worn)
Magical Staves
 B - a staff of conjuration
Jewellery
 m - a ring of wizardry (left hand)
 q - a ring of wizardry (right hand)
Talismans
 p - a beast talisman
Wands
 f - a wand of digging (3)
 i - a wand of flame (8)
 u - a wand of roots (4)
 v - a wand of light (6)
 x - a wand of paralysis (10)
Scrolls
 b - 3 scrolls of identify
 c - 2 scrolls of fog
 d - 2 scrolls of revelation
 e - 2 scrolls of fear
 h - 2 scrolls of enchant weapon {unknown}
 k - 2 scrolls of blinking {unknown}
 n - 2 scrolls of enchant armour {unknown}
 o - 2 scrolls of poison
 y - 2 scrolls of immolation
 H - a scroll of amnesia
Potions
 g - a potion of heal wounds
 j - 3 potions of might
 r - a potion of haste {unknown}
 w - a potion of enlightenment {unknown}
 z - a potion of invisibility {unknown}
 A - 2 potions of degeneration {unknown}
 D - a potion of brilliance {unknown}
 E - a potion of mutation {unknown}


   Skills:
 + Level 4.7 Fighting
 - Level 3.0 Maces & Flails
 - Level 2.5 Armour
 - Level 3.1 Dodging
 - Level 6.1 Stealth
 - Level 3.0 Shields
 + Level 4.5 Spellcasting
 * Level 3.5 Conjurations
 + Level 2.5 Fire Magic
 + Level 1.9 Ice Magic
 * Level 2.0 Earth Magic
 + Level 1.5 Evocations


You had 6 spell levels left.
You knew the following spells:

 Your Spells              Type           Power      Damage    Failure   Level
a - Stone Arrow           Conj/Erth      16%        3d8       11%         3
b - Hailstorm             Conj/Ice       8%         3d4       11%         3
s - Sticky Flame          Conj/Fire      9%         2d3       28%         4

Your spell library contained the following spells:

 Spells                   Type           Power      Damage    Failure   Level
 Sandblast                Erth           14%        2d6       4%          1
 Apportation              Tloc           4%         N/A       11%         1
 Jinxbite                 Hex            4%         N/A       16%         2
 Lesser Beckoning         Tloc           4%         N/A       16%         2
 Ignite Poison            Fire/Tmut/Pois 4%         N/A       21%         3
 Gell's Gravitas          Tloc           2%         N/A       28%         3
 Teleport Other           Tloc           2%         N/A       28%         3
 Animate Armour           Summ/Erth      8%         N/A       52%         4
 Summon Ice Beast         Ice/Summ       4%         N/A       52%         4
 Alistair's Intoxication  Tmut/Pois      1%         N/A       92%         5
 Dispersal                Tloc           1%         N/A       100%        6
 Simulacrum               Ice/Necr       2%         N/A       100%        6
 Ignition                 Fire           4%         3d4       100%        8
 Lehudib's Crystal Spear  Conj/Erth      4%         10d3      100%        8


Dungeon Overview and Level Annotations

Branches:
Dungeon (8/15)             Temple (1/1) D:4
   Lair: D:8-11

Altars:
Ashenzari
Dithmenos
Elyvilon
Fedhas
Hepliaklqana
Kikubaaqudgha
Makhleb
Nemelex Xobeh
Okawaru
Ru
Sif Muna
Trog
Uskayaw
Vehumet
Wu Jian
Xom
Yredelemnul
Zin
The Shining One

Annotations:
D:6 exclusion: downstairs, Jeremiah, Prince Ribbit
D:7 Dowan, Duvessa, Joseph


Innate Abilities, Weirdness & Mutations

You cannot be hasted, slowed, berserked, paralysed or teleported.
You can dig through walls and to a lower floor.
You have a pair of large antennae on your head. (SInv)
Your four strong arms can wield two-handed weapons with a shield.


Message History

There is a stone staircase leading down here.
You climb downwards.
Level annotation: Dowan, Duvessa, Joseph
There is a stone staircase leading up here.
Found a ring mail.
Found a stone staircase leading down.
Found 3 scrolls labelled ALOSTR UMULA.
There is a stone staircase leading down here.
You climb downwards.
Found a sacrificial altar of Ru.
There is a stone staircase leading up here.
An acid dragon and an orc wizard come into view.
Found a robe. 2 orcs come into view.
The acid dragon roars!
The orc shouts!
The orc wizard shouts!
You hear a bellow!
The orc moves out of view.
The acid dragon spits acid at you. The splash of acid hits you!
The acid corrodes you!
The centaur shouts!
You hit the centaur but do no damage. The centaur barely misses you.
The centaur kicks you but does no damage.
The centaur misses you. The centaur completely misses you.
The orc wizard casts a spell.
The orc wizard flickers and vanishes for a moment.
The centaur wields a +1 orcbow of freezing.
It is covered in frost.
The centaur shoots an arrow.
The arrow closely misses you. The orc wizard casts a spell at you.
The puff of flame hits you!
The centaur shoots an arrow.
The arrow hits you! The arrow freezes you.
The centaur shoots an arrow.
The arrow hits you!
* * * LOW HITPOINT WARNING * * *
The arrow freezes you.
* * * LOW HITPOINT WARNING * * *
There is a stone staircase leading up here.
The centaur shoots an arrow.
The arrow hits you!
* * * LOW HITPOINT WARNING * * *
The arrow freezes you.
* * * LOW HITPOINT WARNING * * *
The acid dragon bites you!
You die...

......#.#
......#.#
#......#.##
.........
#..oo...♣
###.....#.♣
#......{o.♣♣♣
..#...##c...♣.♣.♣
.........._......
........D...♣.♣.♣
.......@#.♣♣♣ ♣
........#.♣
........#.♣
........#..
.#####..##. #..#
[# #... ## ..#.


You could see an acid dragon, a centaur and an orc wizard (invisible).

Vanquished Creatures
  A yak (D:5)
  A black bear (D:6)
  An ogre (D:5)
  2 phantoms
  4 scorpions
  4 hounds
  3 orc priests
  2 iguanas
  2 orc wizards
  3 gnolls (D:3)
  6 adders
  2 shadow imps
  2 ufetubi (D:6)
  A worm (D:3)
  4 dart slugs
  19 orcs
  4 endoplasms
  3 giant cockroaches
  8 goblins
  5 hobgoblins
  4 jackals
  4 kobolds
  2 quokkas
  10 ball pythons
  3 bats
  2 frilled lizards
  6 rats
108 creatures vanquished.

Notes
Turn   | Place    | Note
-------+----------+-------------------------------------------
     0 | D:5      | petzl the Formicid Delver began the quest for the Orb.
     0 | D:5      | Reached XP level 1. HP: 18/18 MP: 1/1
    96 | D:5      | Reached XP level 2. HP: 23/24 MP: 2/2
   178 | D:5      | Noticed an ogre
   273 | D:4      | Found a staircase to the Ecumenical Temple.
   330 | D:5      | Noticed a scorpion
   421 | D:1      | Found a faded altar of an unknown god.
   422 | D:1      | Noticed a glass eye
   427 | D:1      | Noticed an eye of devastation
   433 | D:1      | Noticed an eye of devastation
   433 | D:1      | Noticed a golden eye
   537 | D:1      | Reached skill level 1 in Spellcasting
   739 | D:1      | Reached XP level 3. HP: 29/29 MP: 3/5
  1548 | D:2      | Found a glowing golden altar of the Shining One.
  1873 | D:2      | Reached XP level 4. HP: 35/35 MP: 7/7
  2696 | D:3      | Learned a level 4 spell: Sticky Flame
  2741 | D:3      | Reached XP level 5. HP: 40/41 MP: 10/10
  3381 | D:3      | Learned a level 3 spell: Hailstorm
  3436 | D:4      | Noticed a black bear
  3461 | D:2      | You fall into a shaft and drop 1 floor!
  3687 | D:4      | Reached skill level 1 in Conjurations
  3698 | Temple   | Entered the Ecumenical Temple
  3714 | Temple   | Became a worshipper of Vehumet
  3774 | Temple   | Reached skill level 1 in Armour
  3774 | Temple   | Reached skill level 1 in Shields
  3774 | Temple   | Reached XP level 6. HP: 24/48 MP: 11/11
  4036 | D:5      | Reached skill level 1 in Fire Magic
  4463 | D:4      | Found a hazy altar of Hepliaklqana.
  4494 | D:4      | Found a hide-covered altar of Uskayaw.
  4494 | D:4      | Noticed a +0 dagger
  4495 | D:4      | Noticed a +0 hand axe
  4742 | D:4      | Reached XP level 7. HP: 50/54 MP: 11/13
  4996 | D:5      | Noticed a yak
  5011 | D:5      | You fall into a shaft and drop 1 floor!
  5239 | D:6      | Reached * piety under Vehumet
  5239 | D:6      | Offered knowledge of Sandblast by Vehumet.
  5336 | D:7      | Noticed Duvessa
  5336 | D:7      | Noticed Dowan
  5456 | D:5      | Reached skill level 1 in Ice Magic
  5614 | D:5      | Killed a yak
  5615 | D:5      | Reached XP level 8. HP: 61/61 MP: 14/14
  5842 | D:6      | Reached skill level 1 in Evocations
  5930 | D:7      | Noticed Joseph
  5945 | D:6      | Learned a level 3 spell: Stone Arrow
  5977 | D:6      | Noticed Jeremiah
  6250 | D:6      | Reached skill level 1 in Earth Magic
  6477 | D:6      | Noticed Prince Ribbit
  7106 | D:8      | Found a sacrificial altar of Ru.
  7114 | D:8      | HP: 3/61 [centaur/arrow (2)]
  7114 | D:8      | Mangled by an acid dragon

Illustrated notes

Levels and vault maps discovered:
D:1:      lightli_molten_gateway, layout_loops_corners,
          hellmonk_ecumenical_altar_watching_god
D:2:      layout_basic, basic_altar, amcnicky_mini_pool_small,
          minmay_hexomino_f4
D:3:      layout_basic
D:4:      layout_loops_cross, general_overflow_altar, dancing_weapons_uskayaw,
          minmay_temple_entry_junction_2, feat_on_display
D:5:      kennysheep_big_flooded_room, layout_loops_ring
D:6:      layout_basic, reono_crystal_passage, uniq_jeremiah,
          uniq_prince_ribbit1
D:7:      layout_basic, chequers_serial_rivers_micro_a, supply_closet_lemuel,
          lemuel_flame_loot_1, uniq_joseph, uniq_menkaure, uniq_duvessa
D:8:      layout_rooms, mainiacjoe_overflow_catwalk,
          mainiacjoe_overflow_large_starburst, hellmonk_lair_entry_icy
Temple:   nicolae_temple_elliptical

Skill      XL: |  1  2  3  4  5  6  7  8 |
---------------+-------------------------+-----
Dodging        | 2 3 |  3.1
Spellcasting   | 1 2 3 4 |  4.5
Conjurations   | 1 2 3 |  3.5
Armour         | 1 2 |  2.5
Shields        | 1 2 3 |  3.0
Fire Magic     | 1 2 |  2.5
Fighting       | 4 |  4.7
Ice Magic      | 1 |  1.9
Evocations     | 1 |  1.5
Earth Magic    | 2 |  2.0
Maces & Flails | 3 |  3.0
Stealth        | |  6.1

Action                     |  1- 3 |  4- 6 |  7- 9 || total
---------------------------+-------+-------+-------++-------
  Melee: Mace              |   102 |    90 |       ||   192
         Punch             |     1 |     3 |     2 ||     6
         Flail             |       |    90 |   116 ||   206
         Hand axe          |       |       |     1 ||     1
Ability: Shaft Self        |       |     1 |     1 ||     2
  Evoke: Wand              |       |     1 |    16 ||    17
    Use: Scroll            |       |     3 |     2 ||     5
         Potion            |       |       |     2 ||     2
   Stab: Sleeping          |    15 |     6 |     3 ||    24
         Paralysed         |       |     1 |     9 ||    10
         Distracted        |       |       |     1 ||     1
 Armour: Leather armour    |    57 |    11 |       ||    68
         Ring mail         |       |   144 |    87 ||   231
  Dodge: Dodged            |    76 |   127 |    95 ||   298

Table legend: (Time is in decaauts)
 A = Elapsed time spent in this place.
 B = Non-inter-level travel time spent in this place.
 C = Inter-level travel time spent in this place.
 D = Time resting spent in this place.
 E = Time spent auto-exploring this place.
 F = Levels seen in this place.
 G = Mean time per level.
                   A        B        C        D        E       F      G
               +--------+--------+--------+--------+--------+-----+--------+
         Total |   7238 |   6745 |    493 |    931 |   3622 |   9 |  804.2 |
       Dungeon |   7100 |   6638 |    462 |    843 |   3622 |   8 |  887.5 |
        Temple |    138 |    107 |     31 |     88 |      0 |   1 |  138.0 |
               +--------+--------+--------+--------+--------+-----+--------+

Top non-repeatable levels by time:
     D:6: 1694 daAuts
     D:3: 1194 daAuts
     D:4: 1104 daAuts
     D:2: 1097 daAuts
     D:1: 1007 daAuts
     D:5: 887 daAuts
  Temple: 138 daAuts
     D:7: 106 daAuts
     D:8: 8 daAuts
